General information
- name: BNet
- type: Ladder 1vs1/FFA
- host: Battle.net
- saver: 7.38
map: MeltingValley
- players: 2
- length: 29:42
- speed: Fast
- version: 1.26 W3XP
- replay type: Public
» download(81 KB)
Players
team 1 (loser)
ezio-auditore (
red | 40 APM | 1174 actions | 29:42)
7 Paladin
1 Divine Shield
3 Holy Light
2 Devotion Aura
1 Resurrection
» actions
| Assign group hotkey | 29 | |
| Basic commands | 66 | |
| Build / train | 74 | |
| ESC pressed | 6 | |
| Enter build submenu | 34 | |
| Enter hero's abilities submenu | 7 | |
| Give item / drop item | 2 | |
| Right click | 371 | |
| Select / deselect | 149 | |
| Select group hotkey | 357 | |
| Use ability | 79 | |
1174 total
» units
| Peasant | 19 | |
| Rifleman | 7 | |
| Gryphon Rider | 10 | |
36 total
» upgrades
| Gunpowder | 2 | |
| Armor | 3 | |
| Lumber Harvesting | 2 | |
| Long Rifles | 1 | |
| Masonry | 1 | |
| Swords | 3 | |
| Animal War Training | 1 | |
| Storm Hammers | 1 | |
14 total
» buildings
| Altar of Kings | 1 | |
| Farm | 15 | |
| Lumber Mill | 2 | |
| Scout Tower | 9 | |
| Arcane Tower | 1 | |
| Guard Tower | 6 | |
| Barracks | 1 | |
| Blacksmith | 1 | |
| Keep | 1 | |
| Town Hall | 2 | |
| Gryphon Aviary | 3 | |
| Castle | 1 | |
43 total
» build order
00:08 Altar of Kings
00:13 Farm
00:19 Lumber Mill
00:26 Scout Tower
00:43 Scout Tower
01:24 Arcane Tower
01:34 Guard Tower
01:52 Scout Tower
02:02 Barracks
02:18 Blacksmith
02:51 Farm
02:54 Guard Tower
03:14 Farm
03:31 Keep
04:15 Farm
06:42 Town Hall
07:32 Scout Tower
07:36 Scout Tower
08:05 Guard Tower
08:23 Scout Tower
08:26 Scout Tower
08:30 Scout Tower
09:04 Guard Tower
09:06 Guard Tower
09:19 Scout Tower
09:31 Gryphon Aviary
09:36 Gryphon Aviary
09:45 Gryphon Aviary
09:56 Guard Tower
10:45 Castle
10:52 Farm
10:57 Farm
11:00 Farm
11:02 Farm
11:03 Farm
11:05 Farm
11:08 Farm
11:10 Farm
16:46 Farm
17:10 Lumber Mill
17:23 Farm
22:14 Town Hall
23:27 Farm
» items
| Scroll of Protection | 2 | |
| Scroll of Healing | 2 | |
| Scroll of Town Portal | 1 | |
| Potion of Lesser Invulnerability | 1 | |
6 total
team 2 (winner)
7.38 (
orange | 68 APM | 2033 actions | 29:42)
6 Archmage
2 Blizzard
3 Brilliance Aura
1 Mass Teleport
4 Blood Mage
1 Flame Strike
1 Siphon Mana
2 Banish
» actions
| Assign group hotkey | 49 | |
| Basic commands | 68 | |
| Build / train | 106 | |
| ESC pressed | 3 | |
| Enter build submenu | 46 | |
| Enter hero's abilities submenu | 10 | |
| Give item / drop item | 12 | |
| Right click | 724 | |
| Select / deselect | 420 | |
| Select group hotkey | 409 | |
| Use ability | 186 | |
2033 total
» units
| Peasant | 23 | |
| Forest Troll Shadow Priest | 1 | |
| Goblin Shredder | 2 | |
| Goblin Zeppelin | 1 | |
| Gryphon Rider | 6 | |
| Dragonhawk Rider | 10 | |
43 total
» upgrades
| Masonry | 3 | |
| Swords | 3 | |
| Armor | 3 | |
| Cloud | 1 | |
| Storm Hammers | 1 | |
| Animal War Training | 1 | |
| Lumber Harvesting | 1 | |
13 total
» buildings
| Altar of Kings | 1 | |
| Farm | 17 | |
| Arcane Vault | 2 | |
| Lumber Mill | 1 | |
| Scout Tower | 13 | |
| Arcane Tower | 6 | |
| Town Hall | 4 | |
| Guard Tower | 4 | |
| Keep | 1 | |
| Blacksmith | 1 | |
| Castle | 1 | |
| Gryphon Aviary | 4 | |
| Barracks | 1 | |
| Workshop | 1 | |
57 total
» build order
00:05 Altar of Kings
00:30 Farm
00:33 Farm
00:38 Arcane Vault
01:09 Lumber Mill
01:32 Scout Tower
02:06 Arcane Tower
02:21 Farm
03:35 Town Hall
03:39 Scout Tower
03:43 Scout Tower
04:48 Arcane Tower
04:57 Arcane Tower
04:57 Arcane Tower
04:57 Arcane Tower
05:11 Scout Tower
05:13 Scout Tower
05:13 Scout Tower
06:16 Scout Tower
06:17 Scout Tower
06:17 Scout Tower
06:18 Scout Tower
06:33 Arcane Vault
06:35 Guard Tower
06:38 Keep
06:40 Scout Tower
06:40 Scout Tower
06:51 Farm
06:55 Guard Tower
07:00 Scout Tower
07:08 Farm
07:12 Blacksmith
08:07 Guard Tower
08:18 Guard Tower
09:01 Castle
10:51 Gryphon Aviary
10:53 Gryphon Aviary
10:54 Gryphon Aviary
12:05 Barracks
12:44 Gryphon Aviary
12:47 Farm
17:55 Farm
17:59 Farm
17:59 Farm
18:00 Farm
18:00 Farm
18:15 Farm
18:20 Farm
18:20 Farm
18:45 Workshop
23:26 Town Hall
24:59 Town Hall
26:44 Farm
27:54 Farm
28:48 Farm
29:42 Town Hall
» items
| Mechanical Critter | 2 | |
| Lesser Clarity Potion | 2 | |
| Scroll of Regeneration | 8 | |
| Boots of Speed | 1 | |
| Periapt of Vitality | 2 | |
| Staff of Teleportation | 2 | |
| Potion of Healing | 2 | |
| Potion of Invisibility | 3 | |
| Potion of Lesser Invulnerability | 2 | |
| Scroll of Town Portal | 1 | |
| Staff of Sanctuary | 1 | |
26 total
Chat log
(20:45 / All) 7.38: LOL
(20:53 / All) 7.38: 100 food f)tw
(24:53 / All) 7.38: lol hiding a farm?
(24:54 / All) 7.38: cheap
(24:57 / All) ezio-auditore: LOL
(24:59 / All) ezio-auditore: fail
(25:15 / All) 7.38: saying "fail" all the time is a sign of trying too hard.
(25:20 / All) ezio-auditore: lol
(25:23 / All) 7.38: its true
(25:29 / All) ezio-auditore: yhou are the one that opened your cocksucker first
(25:34 / All) 7.38: LMFAO
(25:36 / All) 7.38: mad?
(25:42 / All) ezio-auditore: not at all
(26:27 / All) 7.38: LOL
(27:57 / All) 7.38: hi
(29:24 / All) ezio-auditore: lose
(29:27 / All) 7.38: LOL
(29:28 / All) 7.38: na
(29:41 / All) ezio-auditore: sucxk it